 Dungeon Crawl Stone Soup version 0.31-a0-1352-gc98d92de7d (webtiles) character file.

Game seed: 13863676552727286250

518560 gruber the Warrior (level 25, -5/194 (210) HPs)
             Began as a Gnoll Alchemist on Dec 20, 2023.
             Was the Champion of Vehumet.
             Slain by a reaper
             ... wielding a +4 scythe
             ... called by a doom hound
              (22 damage)
             ... on level 1 of the Realm of Zot on Dec 22, 2023.
             The game lasted 03:08:34 (65417 turns).

gruber the Warrior (Gnoll Alchemist)               Turns: 65417, Time: 03:08:35

HP:   -5/194 (210)  AC: 23    Str: 15    XL:     25   Next: 22%
MP:   0/45          EV: 30    Int: 25    God:    Vehumet [******]
Gold: 3837          SH: 17    Dex: 29    Spells: 11/60 levels left

rFire   + . .        R - +5 dagger of the Wizarding Gods {vamp, ^Drain rF+ rC+ Will+}
rCold   + + +        a - +0 kite shield
rNeg    . . .        o - +0 troll leather armour of Urumocal {rElec rC++ Regen+ Str+2 Slay-5}
rPois   .            u - +2 helmet {Int+3}
rElec   +            f - +2 cloak of Vyps {Dex+3}
rCorr   +            P - +2 pair of gloves {Str+3}
SInv    +            C - +1 pair of boots of the Manifold Lovers {Dex+3 SInv}
Will    ++...        p - amulet of guardian spirit
Stlth   +++++++      c - ring "Guvomm" {^Drain +Blink rC+ Dex+5 SInv}
HPRegen 1.32/turn    B - ring "Elakhlo" {rElec rCorr AC+4 Dex+3}
MPRegen 0.29/turn

%: guardian spirit
@: lethally poisoned (-5 -> -9), about to teleport, doom-hounded, very slightly
contaminated, slowed, studying Fighting, drained, very slow
A: fangs 1, strong nose, distributed training
}: 3/15 runes: serpentine, barnacled, silver
a: Renounce Religion, Evoke Blink


You were on level 1 of the Realm of Zot.
You worshipped Vehumet.
Vehumet was exalted by your worship.
You visited 9 branches of the dungeon, and saw 43 of its levels.
You visited 1 bazaar.
You also visited: Sewer, Ossuary and Ice Cave.

You collected 6407 gold pieces.
You spent 2570 gold pieces at shops.

Inventory:

Hand Weapons
 d - the +8 mithril axe "Arga" {speed, Will+}
   (You took it off a deep elf death mage on level 3 of the Elven Halls)

   Will+:     It increases your willpower.
 R - the +5 dagger of the Wizarding Gods (weapon) {vamp, ^Drain rF+ rC+ Will+}
   (You took it off a deep elf annihilator on level 13 of the Dungeon)

   rF+:       It protects you from fire.
   rC+:       It protects you from cold.
   Will+:     It increases your willpower.
   ^Drain:    It drains your maximum health when unequipped.
Missiles
 V - 9 throwing nets
Armour
 a - a +0 kite shield (worn)
 f - the +2 cloak of Vyps (worn) {Dex+3}
   (You bought it in a shop on level 2 of the Shoals)

   Dex+3:     It affects your dexterity (+3).
 o - the +0 troll leather armour of Urumocal (worn) {rElec rC++ Regen+ Str+2 Slay-5}
   (You bought it in a shop on level 2 of the Shoals)

   Str+2:     It affects your strength (+2).
   Slay-5:    It affects your accuracy & damage with ranged weapons and melee
   (-5).
   rC++:      It greatly protects you from cold.
   rElec:     It insulates you from electricity.
   Regen+:    It increases your rate of health regeneration.
 u - a +2 helmet of intelligence (worn)
 C - the +1 pair of boots of the Manifold Lovers (worn) {Dex+3 SInv}
   (You acquired it on level 4 of the Vaults)

   Dex+3:     It affects your dexterity (+3).
   SInv:      It lets you see invisible.
 P - a +2 pair of gloves of strength (worn)
Jewellery
 c - the ring "Guvomm" (left hand) {^Drain +Blink rC+ Dex+5 SInv}
   (You found it on level 1 of the Shoals)

   [ring of protection from cold]

   Dex+5:     It affects your dexterity (+5).
   rC+:       It protects you from cold.
   SInv:      It lets you see invisible.
   +Blink:    It lets you blink.
   ^Drain:    It drains your maximum health when unequipped.
 p - an amulet of guardian spirit (around neck)
 B - the ring "Elakhlo" (right hand) {rElec rCorr AC+4 Dex+3}
   (You took it off a frost giant on level 5 of the Vaults)

   [ring of protection]

   AC+4:      It affects your AC (+4).
   Dex+3:     It affects your dexterity (+3).
   rElec:     It insulates you from electricity.
   rCorr:     It protects you from acid and corrosion.
 J - a ring of poison resistance
Wands
 s - a wand of digging (11)
 H - a wand of acid (37)
 K - a wand of mindburst (30)
 M - a wand of polymorph (34)
 N - a wand of flame (123)
 O - a wand of charming (17)
 Q - a wand of iceblast (45)
Scrolls
 e - a scroll of brand weapon
 h - 3 scrolls of revelation
 j - 29 scrolls of teleportation
 k - 5 scrolls of noise
 m - 2 scrolls of silence
 q - 10 scrolls of poison
 r - 7 scrolls of vulnerability
 w - 10 scrolls of fear
 y - 4 scrolls of summoning
 D - 8 scrolls of fog
 E - 6 scrolls of enchant armour
 G - a scroll of blinking
 S - a scroll of torment
 Y - a scroll of amnesia
 Z - 8 scrolls of immolation
Potions
 b - 5 potions of magic
 g - 8 potions of might
 i - 12 potions of lignification
 l - 4 potions of invisibility
 n - 5 potions of enlightenment
 t - 9 potions of attraction
 v - 22 potions of curing
 x - 2 potions of berserk rage
 z - 12 potions of brilliance
 A - 3 potions of resistance
 F - 4 potions of cancellation
 L - 5 potions of heal wounds
 T - a potion of ambrosia
 W - 3 potions of haste
 X - 4 potions of mutation
Miscellaneous
 I - a lightning rod (3/4)
 U - a phantom mirror


   Skills:
 + Level 20.0 Fighting
 + Level 17.4 Short Blades
 + Level 17.4 Long Blades
 + Level 17.4 Axes
 + Level 17.4 Maces & Flails
 + Level 17.4 Polearms
 + Level 17.4 Staves
 + Level 17.4 Ranged Weapons
 + Level 17.4 Throwing
 + Level 17.4 Armour
 + Level 17.9 Dodging
 + Level 17.8 Stealth
 + Level 17.4 Shields
 + Level 17.4 Unarmed Combat
 + Level 18.0 Spellcasting
 + Level 15.0 Conjurations
 + Level 14.8 Hexes
 + Level 14.8 Summonings
 + Level 14.8 Necromancy
 + Level 14.8 Translocations
 + Level 14.8 Fire Magic
 + Level 14.8 Ice Magic
 + Level 14.8 Air Magic
 + Level 14.8 Earth Magic
 + Level 15.7 Alchemy
 + Level 18.8 Invocations
 + Level 17.4 Evocations
 + Level 16.0 Shapeshifting


You had 11 spell levels left.
You knew the following spells:

 Your Spells              Type           Power      Damage    Failure   Level
b - Mercury Vapours       Alch/Air       100%       N/A       0%          2
c - Mephitic Cloud        Conj/Alch/Air  78%        N/A       0%          3
d - Olgreb's Toxic Radia  Alch           79%        N/A       1%          4
e - Sticky Flame          Fire/Alch      78%        2d12      1%          4
f - Call Canine Familiar  Summ           77%        N/A       1%          3
g - Iskenderun's Mystic   Conj/Tloc      77%        2d15      1%          4
h - Frozen Ramparts       Ice            100%       1d16      1%          3
i - Arcjolt               Conj/Air       38%        1d48      1%          5
j - Airstrike             Air            38%        2d(6-22)  1%          4
k - Borgnjor's Vile Clut  Necr/Erth      38%        N/A       1%          5
l - Haunt                 Necr/Summ      38%        N/A       8%          7
m - Freezing Cloud        Conj/Ice/Air   38%        6-21      1%          5

Your spell library contained the following spells:

 Spells                   Type           Power      Damage    Failure   Level
 Maxwell's Capacitive Co  Air            38%        ∞         16%         8
 Chain Lightning          Conj/Air       38%        3d51      88%         9
 Fire Storm               Conj/Fire      38%        8d10      88%         9
 Apportation              Tloc           100%       N/A       0%          1
 Freeze                   Ice            100%       1d10      0%          1
 Kiss of Death            Conj/Necr      100%       2d13      0%          1
 Necrotise                Necr           100%       1d9       0%          1
 Sandblast                Erth           100%       2d20      0%          1
 Shock                    Conj/Air       100%       1d9       0%          1
 Sting                    Conj/Alch      100%       1d9       0%          1
 Summon Small Mammal      Summ           100%       N/A       0%          1
 Blink                    Tloc           100%       N/A       0%          2
 Cigotuvi's Dreadful Rot  Necr/Alch/Air  100%       N/A       0%          2
 Ensorcelled Hibernation  Hex/Ice        100%       N/A       0%          2
 Jinxbite                 Hex            100%       N/A       0%          2
 Lesser Beckoning         Tloc           100%       N/A       0%          2
 Momentum Strike          Conj/Tloc      100%       3d10      0%          2
 Passwall                 Alch/Erth      65%        N/A       0%          2
 Scorch                   Fire           100%       2d9       0%          2
 Sublimation of Blood     Necr           77%        N/A       0%          2
 Fugue of the Fallen      Necr           77%        N/A       1%          3
 Hailstorm                Conj/Ice       77%        3d13      1%          3
 Inner Flame              Hex/Fire       77%        N/A       1%          3
 Ozocubu's Armour         Ice            77%        N/A       1%          3
 Sigil of Binding         Hex            77%        N/A       1%          3
 Stone Arrow              Conj/Erth      100%       3d13      1%          3
 Summon Guardian Golem    Hex/Summ       77%        N/A       1%          3
 Swiftness                Air            77%        N/A       1%          3
 Tukima's Dance           Hex            77%        N/A       1%          3
 Anguish                  Hex/Necr       38%        N/A       1%          4
 Animate Dead             Necr           77%        N/A       1%          4
 Brom's Barrelling Bould  Conj/Erth      77%        2d9       1%          4
 Cause Fear               Hex            38%        N/A       1%          4
 Dimensional Bullseye     Hex/Tloc       38%        N/A       1%          4
 Flame Wave               Conj/Fire      77%        2d17      1%          4
 Ignite Poison            Fire/Alch      78%        N/A       1%          4
 Leda's Liquefaction      Alch/Erth      39%        N/A       1%          4
 Petrify                  Alch/Erth      78%        N/A       1%          4
 Summon Ice Beast         Ice/Summ       77%        N/A       1%          4
 Agony                    Necr           77%        N/A       1%          5
 Alistair's Intoxication  Alch           52%        N/A       1%          5
 Fireball                 Conj/Fire      38%        3d16      1%          5
 Irradiate                Conj/Alch      39%        3d24      1%          5
 Iskenderun's Battlesphe  Conj           78%        2d13      1%          5
 Metabolic Englaciation   Hex/Ice        38%        N/A       1%          5
 Silence                  Hex/Air        38%        N/A       1%          5
 Summon Mana Viper        Hex/Summ       77%        N/A       1%          5
 Bombard                  Conj/Erth      38%        9d7       1%          6
 Conjure Ball Lightning   Conj/Air       38%        3x3d12    1%          6
 Death Channel            Necr           38%        N/A       1%          6
 Simulacrum               Ice/Necr       38%        N/A       1%          6
 Summon Cactus Giant      Summ           38%        N/A       1%          6
 Orb of Destruction       Conj           39%        9d11      1%          7
 Spellforged Servitor     Conj/Summ      38%        N/A       1%          7
 Ozocubu's Refrigeration  Ice            38%        4d16      2%          7
 Enfeeble                 Hex            38%        N/A       8%          7
 Malign Gateway           Summ/Tloc      38%        N/A       8%          7
 Monstrous Menagerie      Summ           38%        N/A       8%          7
 Ignition                 Fire           38%        3d11      16%         8
 Discord                  Hex            38%        N/A       50%         8
 Disjunction              Tloc           38%        N/A       50%         8
 Summon Horrible Things   Summ           38%        N/A       50%         8
 Polar Vortex             Ice            38%        12d5*     88%         9
 Death's Door             Necr           38%        N/A       100%        9


Dungeon Overview and Level Annotations

Branches:
Dungeon (15/15)            Temple (0/1) D:5            Lair (5/5) D:11
 Shoals (4/4) Lair:2        Snake (4/4) Lair:3        Slime (0/5) Lair:5
    Orc (2/2) D:11            Elf (3/3) Orc:2        Vaults (5/5) D:14
  Crypt (0/3) Vaults:3     Depths (4/4) D:15            Zot (1/5) Depths:4
  Sewer (visited)         Ossuary (visited)           IceCv (visited)

Altars:
Ashenzari
Dithmenos
Fedhas
Gozag
Hepliaklqana
Kikubaaqudgha
Nemelex Xobeh
Ru
Trog
Uskayaw
Vehumet
Xom
The Shining One
Jiyva

Shops:
Orc:2 ?[(?   Elf:2 (   Shoals:2 [   Snake:1 **![

Portals:
Hell: Depths:1 Depths:2 Depths:3 Depths:4
Abyss: Depths:2 Depths:3
Pandemonium: Depths:2
Ziggurat: Depths:4

Annotations:
D:10 1 runed translucent door
Lair:2 1 runed translucent door, crawlacc's ghost, journeyman MiFi
Lair:4 2 transporters, Hiramiqi's ghost, journeyman TeFE
Elf:1 exclusion: orange crystal statue
Vaults:3 36 runed doors
Depths:1 1 runed translucent door, Zyku Vof's ghost, veteran MfIE
Depths:2 1 transporter


Innate Abilities, Weirdness & Mutations

You have very sharp teeth.
Your uncanny sense of smell can sniff out nearby items.
Your experience applies equally to all skills.


Message History

The putrid mouth claws you but does no damage.
Unknown command.
You feel very sick. The putrid mouth throws miasma at you.
The foul vapour engulfs you!
You are more poisoned.
You feel as though you will be slow longer.
The putrid mouth throws miasma at you. The foul vapour misses you.
Unknown command.
Unknown command.
Okay, then.
You feel extremely sick. The putrid mouth misses you.
You block the putrid mouth's attack. The Tzitzimitl gestures at you.
The bolt of negative energy misses you.
The doom hound unleashes a terrible howl, and it begins to echo in your mind!
The reaper shouts, "Die, gruber!"
You hear a roar!
Unknown command.
Unknown command.
You feel extremely sick. The Tzitzimitl gestures at you.
The bolt of negative energy hits the putrid mouth.
The putrid mouth completely resists.
The bolt of negative energy hits you!!!
You feel drained.
* * * LOW HITPOINT WARNING * * *
You block the reaper's attack.
Unknown command.
You feel much better.
You feel extremely sick. You block the reaper's attack.
The putrid mouth misses you. You block the putrid mouth's attack. x2
The putrid mouth claws you but does no damage.
The reaper says, "Everyone has to die sometime, and your time is now."
The Tzitzimitl calls on the powers of darkness!
Your body is wracked with pain!
* * * LOW HITPOINT WARNING * * *
The reaper hits you from afar with a +4 scythe!!
You die...

# ... .... ###....
##....... ##........
#.@....... #Wh...####
#.W2..# ##2...# #1...#
##### #....# #...#
#######..X#####2.W#####
#...........§.WhWX...h.
#.####....#X..####...##


You could see a tentacled monstrosity, a doom hound, a Tzitzimitl, 2 reapers and
2 putrid mouths.

Vanquished Creatures
  A dread lich (Vaults:5)
  Jory (Vaults:4)
  4 golden dragons
  A doom hound (Zot:1)
  3 tentacled monstrosities
  An Ice Fiend (Depths:3)
  2 liches
  5 titans
  2 deep elf master archers (Elf:3)
  3 deep elf blademasters
  7 sphinxes
  2 krakens (Shoals:2)
  3 quicksilver dragons
  A shadow dragon (Vaults:5)
  Kirke (Elf:1)
  6 tengu reavers
  Donald (Shoals:3)
  7 storm dragons
  3 draconian knights
  2 protean progenitors (Zot:1)
  9 fire giants
  Roxanne (Shoals:4)
  3 nagarajas
  6 deep elf elementalists (Elf:3)
  12 frost giants
  2 deep elf sorcerers
  Louise (Shoals:4)
  14 vault wardens
  A balrug (Depths:1)
  2 ghouls (Vaults:3)
  A draconian stormcaller (Zot:1)
  A draconian annihilator (Zot:1)
  A reaper (Depths:3)
  18 ironbound preservers
  4 spriggan defenders
  6 orc warlords
  11 very ugly things
  5 ironbound thunderhulks
  A formless jellyfish (Vaults:3)
  2 grey draconians (Depths:4)
  A war gargoyle (Vaults:3)
  2 green draconians (Depths:4)
  5 deep elf demonologists
  15 stone giants
  5 deep elf death magi (Elf:3)
  3 black draconians
  4 spark wasps
  A spark wasp (shapeshifter) (Depths:3)
  A vampire knight (Depths:1)
  6 deep elf annihilators
  19 dire elephants
  A wendigo (Depths:3)
  2 white draconians (Depths:4)
  4 merfolk javelineers (Shoals:4)
  2 crystal guardians (Vaults:3)
  2 jiangshi (Depths:2)
  8 ettins
  A blizzard demon (Depths:3)
  Josephine (Snake:1)
  3 entropy weavers
  16 merfolk impalers
  6 fire dragons
  13 yaktaur captains
  38 vault guards
  6 great orbs of eyes
  8 ice dragons
  6 spriggan air magi
  2 caustic shrike simulacra (Depths:3)
  2 deep elf high priests (Elf:3)
  5 rakshasas (Depths:1)
  7 salamander tyrants
  5 hydras
  2 peacekeepers (Vaults:3)
  4 ogre magi
  An alligator snapping turtle (Shoals:4)
  5 ironbound frosthearts
  A sphinx zombie (Depths:2)
  10 merfolk avatars
  17 centaur warriors
  5 anacondas
  5 catoblepae
  29 dancing weapons
  7 naga warriors
  6 boulder beetles
  A satyr (Shoals:4)
  A death knight (D:13)
  17 two-headed ogres
  2 deep troll shamans (Depths:3)
  2 merfolk aquamancers (Shoals:4)
  12 death yaks (Lair:5)
  Urug (D:12)
  10 naga sharpshooters
  5 orc high priests
  2 vampire magi
  2 occultists
  10 shock serpents
  7 tengu warriors
  17 deep elf knights
  A deep troll earth mage (D:13)
  A titan skeleton (Depths:3)
  A storm dragon zombie (Depths:3)
  6 hell knights
  2 sun demons (Depths:4)
  6 skeletal warriors
  A spark wasp zombie (Depths:3)
  2 goliath frogs (Zot:1)
  10 skysharks
  7 salamander mystics
  3 swamp dragons (Depths:4)
  52 deep trolls
  2 glowing orange brains
  6 sea snakes
  5 arcanists
  9 naga ritualists
  12 deep elf archers
  8 necromancers
  A harpy (shapeshifter) (Vaults:4)
  19 ironbound convokers
  A mana viper (shapeshifter) (Vaults:5)
  18 harpies
  17 deep elf zephyrmancers
  3 phantasmal warriors (Vaults:5)
  A sphinx simulacrum (Depths:3)
  22 deep elf pyromancers
  10 lindwurms
  5 orc sorcerers
  7 wolf spiders
  A frost giant zombie (Depths:2)
  24 orc knights
  9 mana vipers
  6 fauns
  6 elephants
  16 manticores
  9 cyclopes
  28 ugly things
  2 oklob plants (Shoals:2)
  A kobold blastminer (Orc:2)
  7 water nymphs
  34 salamanders
  A moth of wrath (Zot:1)
  2 frost giant skeletons (Depths:2)
  12 merfolk sirens
  11 vault sentinels
  A water nymph (shapeshifter) (Depths:1)
  32 black mambas
  2 apocalypse crabs (Shoals:2)
  2 cane toads (shapeshifter)
  12 cane toads
  16 naga magi
  A gargoyle (D:13)
  2 torpor snails
  3 smoke demons
  2 rime drakes
  Maggie (Lair:1)
  An unseen horror (shapeshifter) (D:12)
  4 freezing wraiths
  An unseen horror (D:12)
  21 yaktaurs
  A kobold demonologist (D:11)
  11 komodo dragons
  A golden dragon simulacrum (Depths:3)
  3 tengu conjurers
  3 efreet
  31 merfolk
  2 trolls (shapeshifter) (D:13)
  A meliai (D:13)
  3 polar bears
  5 hornets
  2 nameless horrors
  A tarantella (Vaults:4)
  8 trolls
  Prince Ribbit (D:7)
  A glass eye (Depths:1)
  7 snapping turtles
  11 wind drakes
  12 blink frogs
  10 dream sheep
  2 jumping spiders (Vaults:3)
  A snapping turtle (shapeshifter) (Vaults:5)
  18 slime creatures
  10 spriggans
  6 wyverns
  2 culicivoras (shapeshifter)
  3 air elementals
  A shadow (D:12)
  2 vampires
  85 yaks
  A basilisk (shapeshifter) (D:13)
  A fire elemental (Elf:2)
  7 basilisks
  2 wraiths
  2 humans (Elf:1)
  4 hogs (Elf:1)
  5 steam dragons
  10 redbacks
  14 water elementals
  2 wargs (Orc:1)
  12 vampire mosquitoes
  A swamp worm (Lair:2)
  3 acid dragons
  A harpy simulacrum (IceCv)
  31 nagas
  16 water moccasins
  A black bear (shapeshifter) (D:13)
  19 orc warriors
  5 black bears
  An ettin simulacrum (Depths:3)
  14 centaurs
  12 ogres
  A tengu (shapeshifter) (D:14)
  22 wolves
  6 boggarts
  A phantom (D:5)
  3 elf zombies (Elf:1)
  2 kobold brigands
  A gnoll sergeant (D:9)
  13 bullfrogs
  3 scorpions
  5 earth elementals
  5 wights (D:8)
  A hornet simulacrum (D:15)
  11 killer bees
  2 elephant simulacra (IceCv)
  4 electric eels (Lair:1)
  4 howler monkeys
  2 crimson imps (D:5)
  9 lava snakes
  A jelly (D:4)
  17 orc priests
  A sleepcap (D:6)
  4 hounds
  2 iguanas (D:6)
  18 orc wizards
  A polar bear simulacrum (IceCv)
  7 hell rats
  Terence (D:2)
  A wolf simulacrum (IceCv)
  2 mummies (Ossuary)
  11 gnolls
  12 adders
  5 river rats
  A shadow imp (D:7)
  2 worms
  3 dart slugs
  88 orcs
  7 endoplasms
  7 giant cockroaches
  A gnoll zombie (Ossuary)
  5 goblins
  3 hobgoblins
  26 kobolds
  2 quokkas
  3 ball pythons
  2 bats (D:2)
  5 frilled lizards
  A goblin zombie (Ossuary)
  3 hobgoblin zombies (Ossuary)
  6 orc zombies (Ossuary)
  16 rats
  5 tentacles (Shoals:2)
1818 creatures vanquished.

Vanquished Creatures (collateral kills)
  3 golden dragons
  2 tentacled monstrosities (Vaults:5)
  A lich (Vaults:5)
  A titan (Vaults:5)
  A quicksilver dragon (Vaults:5)
  2 shadow dragons
  A fire giant (Vaults:5)
  Ilsuiw (Shoals:4)
  2 frost giants
  2 vault wardens
  A draconian shifter (Zot:1)
  An ironbound preserver (Vaults:5)
  A very ugly thing (Depths:3)
  A formless jellyfish (Vaults:3)
  A black draconian (Zot:1)
  A deep elf death mage (Elf:1)
  A wendigo (Depths:3)
  A fire dragon (Depths:1)
  An ettin (Depths:1)
  A merfolk impaler (Shoals:2)
  A blizzard demon (Depths:3)
  3 yaktaur captains (Vaults:5)
  2 deep elf high priests (Vaults:5)
  A great orb of eyes (Vaults:4)
  An ogre mage (Vaults:5)
  An alligator snapping turtle (Shoals:1)
  2 dancing weapons (Elf:2)
  A spriggan berserker (Depths:4)
  A naga warrior (Snake:4)
  A shock serpent (shapeshifter) (Vaults:5)
  A glowing orange brain (Depths:4)
  A sea snake (Shoals:1)
  2 orange crystal statues (Depths:3)
  2 phantasmal warriors (Vaults:5)
  2 deep elf pyromancers (Elf:1)
  An ironbound convoker (Vaults:5)
  2 ugly things (Depths:1)
  A moth of wrath (Zot:1)
  2 nameless horrors
  A cane toad (Lair:5)
  A shadow (D:13)
  3 slime creatures
  3 wraiths (Snake:1)
  2 nagas
  A water moccasin (shapeshifter) (Vaults:5)
  A water moccasin (D:7)
  A gnoll sergeant (D:7)
  A jelly (D:7)
  A gnoll (D:7)
  A goblin zombie (Ossuary)
  A hobgoblin zombie (Ossuary)
  An orc zombie (Ossuary)
72 creatures vanquished.

Vanquished Creatures (others)
  A water nymph (Shoals:4)
  A merfolk siren (Shoals:4)
  A slime creature (D:13)
  A centaur simulacrum (D:13)
  11 tentacles (Shoals:2)
15 creatures vanquished.

Grand Total: 1905 creatures vanquished

Notes
Turn   | Place    | Note
-------+----------+-------------------------------------------
     0 | D:1      | gruber the Gnoll Alchemist began the quest for the Orb.
     0 | D:1      | Reached XP level 1. HP: 13/13 MP: 6/6
   205 | D:1      | Reached XP level 2. HP: 19/19 MP: 4/7
   212 | D:1      | Learned a level 2 spell: Mercury Vapours
   307 | D:1      | Found a faded altar of an unknown god.
  1068 | D:2      | Reached skill level 5 in Spellcasting
  1068 | D:2      | Reached XP level 3. HP: 25/25 MP: 6/9
  1159 | D:2      | Reached skill level 1 in Invocations
  1160 | D:2      | Reached skill level 1 in Fighting
  1160 | D:2      | Reached skill level 1 in Short Blades
  1160 | D:2      | Reached skill level 1 in Long Blades
  1160 | D:2      | Reached skill level 1 in Axes
  1160 | D:2      | Reached skill level 1 in Maces & Flails
  1160 | D:2      | Reached skill level 1 in Polearms
  1160 | D:2      | Reached skill level 1 in Staves
  1160 | D:2      | Reached skill level 1 in Ranged Weapons
  1160 | D:2      | Reached skill level 1 in Throwing
  1160 | D:2      | Reached skill level 1 in Armour
  1160 | D:2      | Reached skill level 1 in Shields
  1160 | D:2      | Reached skill level 1 in Unarmed Combat
  1160 | D:2      | Reached skill level 1 in Evocations
  1364 | D:2      | Noticed Terence
  1379 | D:2      | Killed Terence
  1380 | D:2      | Reached skill level 1 in Shapeshifting
  1380 | D:2      | Reached XP level 4. HP: 10/32 MP: 2/11
  1381 | D:2      | Reached skill level 1 in Hexes
  1381 | D:2      | Reached skill level 1 in Summonings
  1381 | D:2      | Reached skill level 1 in Necromancy
  1381 | D:2      | Reached skill level 1 in Translocations
  1381 | D:2      | Reached skill level 1 in Fire Magic
  1381 | D:2      | Reached skill level 1 in Ice Magic
  1381 | D:2      | Reached skill level 1 in Air Magic
  1381 | D:2      | Reached skill level 1 in Earth Magic
  1572 | D:2      | Reached XP level 5. HP: 35/37 MP: 5/12
  1652 | D:2      | Learned a level 3 spell: Mephitic Cloud
  1657 | D:2      | Learned a level 4 spell: Olgreb's Toxic Radiance
  1662 | D:2      | Learned a level 4 spell: Sticky Flame
  2098 | D:3      | Found a faded altar of an unknown god.
  2098 | D:3      | Found a bloodstained altar of Trog.
  2106 | D:3      | Found a faded altar of an unknown god.
  2108 | D:3      | Found a shadowy altar of Dithmenos.
  2133 | D:3      | Found a broken altar of Ashenzari.
  3130 | D:4      | Reached skill level 5 in Dodging
  3130 | D:4      | Reached XP level 6. HP: 44/44 MP: 8/14
  3216 | D:4      | Reached skill level 2 in Fighting
  3603 | D:4      | Found a radiant altar of Vehumet.
  3615 | D:4      | Became a worshipper of Vehumet
  3879 | D:5      | Entered Level 5 of the Dungeon
  3886 | D:5      | Reached XP level 7. HP: 50/50 MP: 7/15
  3908 | D:5      | Found a sand-covered staircase.
  3963 | D:5      | Learned a level 3 spell: Call Canine Familiar
  3964 | Ossuary  | Entered an ossuary
  4200 | D:5      | Found a staircase to the Ecumenical Temple.
  4307 | D:5      | Identified the ring of Hafoteor {rCorr Dex+2}
  4360 | D:5      | Found a sacrificial altar of Ru.
  4365 | D:5      | Reached skill level 5 in Stealth
  4647 | D:5      | Reached * piety under Vehumet
  4647 | D:5      | Offered knowledge of Shock by Vehumet.
  4800 | D:5      | Reached skill level 3 in Fighting
  4800 | D:5      | Reached XP level 8. HP: 55/58 MP: 9/16
  4915 | D:5      | Found a shimmering altar of Xom.
  5060 | D:5      | Found a sparkling altar of Nemelex Xobeh.
  5302 | D:6      | Found a glowing drain.
  5315 | Sewer    | Entered a sewer
  5557 | D:6      | Found an opulent altar of Gozag.
  6747 | D:7      | Reached XP level 9. HP: 53/65 MP: 14/18
  6802 | D:7      | Reached skill level 4 in Fighting
  6896 | D:7      | Offered knowledge of Momentum Strike by Vehumet.
  6901 | D:7      | Reached ** piety under Vehumet
  6907 | D:7      | HP: 3/65 [gnoll/+0 whip[a gnoll sergeant] (6)]
  7559 | D:7      | Reached skill level 5 in Invocations
  7746 | D:7      | Noticed Prince Ribbit
  7756 | D:7      | Killed Prince Ribbit
  8490 | D:8      | Reached skill level 5 in Fighting
  8490 | D:8      | Reached skill level 5 in Short Blades
  8490 | D:8      | Reached skill level 5 in Long Blades
  8490 | D:8      | Reached skill level 5 in Axes
  8490 | D:8      | Reached skill level 5 in Maces & Flails
  8490 | D:8      | Reached skill level 5 in Polearms
  8490 | D:8      | Reached skill level 5 in Staves
  8490 | D:8      | Reached skill level 5 in Ranged Weapons
  8490 | D:8      | Reached skill level 5 in Throwing
  8490 | D:8      | Reached skill level 5 in Armour
  8490 | D:8      | Reached skill level 5 in Shields
  8490 | D:8      | Reached skill level 5 in Unarmed Combat
  8490 | D:8      | Reached skill level 5 in Evocations
  8490 | D:8      | Reached XP level 10. HP: 62/74 MP: 4/20
  9190 | D:8      | Found a hazy altar of Hepliaklqana.
  9594 | D:8      | Reached skill level 5 in Conjurations
  9658 | D:9      | Offered knowledge of Static Discharge by Vehumet.
  9703 | D:9      | Reached skill level 5 in Shapeshifting
  9753 | D:9      | Found an ancient bone altar of Kikubaaqudgha.
  9757 | D:9      | Found a blossoming altar of Fedhas.
  9805 | D:9      | Reached *** piety under Vehumet
 10010 | D:9      | Found a glowing golden altar of the Shining One.
 10193 | D:10     | Entered Level 10 of the Dungeon
 10270 | D:10     | Reached skill level 6 in Fighting
 10273 | D:10     | Reached skill level 5 in Hexes
 10273 | D:10     | Reached skill level 5 in Summonings
 10273 | D:10     | Reached skill level 5 in Necromancy
 10273 | D:10     | Reached skill level 5 in Translocations
 10273 | D:10     | Reached skill level 5 in Fire Magic
 10273 | D:10     | Reached skill level 5 in Ice Magic
 10273 | D:10     | Reached skill level 5 in Air Magic
 10273 | D:10     | Reached skill level 5 in Earth Magic
 10280 | D:10     | Reached XP level 11. HP: 19/81 MP: 22/22
 10283 | D:10     | HP: 3/81 [poison]
 10489 | D:10     | Noticed a wolf spider
 10490 | D:10     | Noticed a wolf spider
 10490 | D:10     | Noticed a wolf spider
 10490 | D:10     | Noticed a wolf spider
 10490 | D:10     | Noticed a wolf spider
 10491 | D:10     | Found a runed translucent gate.
 10492 | D:10     | Found a runed translucent gate.
 10493 | D:10     | Found a runed translucent door.
 10506 | D:10     | Found a runed translucent gate.
 10508 | D:10     | Noticed a wolf spider
 10518 | D:10     | Found a runed translucent door.
 10619 | D:10     | Found the +9 staff of Olgreb {rPois∞}
 10682 | D:10     | Offered knowledge of Hailstorm by Vehumet.
 11011 | D:10     | Noticed a two-headed ogre
 11018 | D:10     | Killed a two-headed ogre
 11379 | D:11     | Noticed a boulder beetle
 11409 | D:11     | Killed a boulder beetle
 11469 | D:11     | Found a staircase to the Lair.
 11489 | D:11     | Reached **** piety under Vehumet
 11561 | D:11     | Offered knowledge of Ignite Poison by Vehumet.
 11825 | D:11     | Found a bloodstained altar of Trog.
 11908 | D:11     | Noticed a manticore
 11912 | D:11     | Killed a manticore
 11976 | D:11     | Found a staircase to the Orcish Mines.
 12066 | D:11     | Reached skill level 7 in Fighting
 12140 | D:12     | Noticed a boulder beetle
 12141 | D:12     | Reached ***** piety under Vehumet
 12151 | D:12     | Killed a boulder beetle
 12151 | D:12     | Offered knowledge of Lee's Rapid Deconstruction by Vehumet.
 12152 | D:12     | Reached XP level 12. HP: 91/91 MP: 17/24
 12198 | D:12     | Noticed Urug
 12227 | D:12     | Killed Urug
 12307 | D:12     | Noticed a boulder beetle
 12314 | D:12     | Killed a boulder beetle
 12511 | D:12     | Noticed a yaktaur captain
 12626 | D:12     | Killed a yaktaur captain
 12712 | D:12     | Noticed a centaur warrior
 12724 | D:12     | Killed a centaur warrior
 13142 | Lair:1   | Entered Level 1 of the Lair of Beasts
 13146 | Lair:1   | Noticed Maggie
 13167 | Lair:1   | Killed Maggie
 13298 | Lair:1   | Reached skill level 8 in Fighting
 13423 | Lair:1   | Reached XP level 13. HP: 96/98 MP: 19/26
 14368 | Lair:2   | Found a staircase to the Shoals.
 14873 | Lair:2   | Reached skill level 10 in Spellcasting
 15196 | Lair:2   | Found a runed translucent door.
 15196 | Lair:2   | Noticed crawlacc's ghost (journeyman MiFi)
 15518 | Lair:2   | Found a shimmering altar of Xom.
 15684 | Lair:2   | Reached skill level 10 in Dodging
 15689 | Lair:2   | Learned a level 4 spell: Iskenderun's Mystic Blast
 15693 | Lair:2   | Learned a level 3 spell: Frozen Ramparts
 16025 | Lair:3   | Reached skill level 9 in Fighting
 16104 | Lair:3   | Reached skill level 10 in Stealth
 16328 | Lair:3   | Offered knowledge of Arcjolt by Vehumet.
 16348 | Lair:3   | Reached XP level 14. HP: 90/108 MP: 28/28
 16353 | Lair:3   | Reached skill level 10 in Invocations
 16372 | Lair:3   | Found a staircase to the Snake Pit.
 16878 | Lair:4   | Found a transporter.
 16915 | Lair:4   | Noticed Hiramiqi's ghost (journeyman TeFE)
 16948 | Lair:4   | Found a transporter.
 17049 | Lair:4   | Learned a level 5 spell: Arcjolt
 17669 | Lair:5   | Entered Level 5 of the Lair of Beasts
 17669 | Lair:5   | Found a frozen archway.
 17683 | IceCv    | Entered an ice cave
 18081 | Lair:5   | Found a viscous altar of Jiyva.
 18257 | Lair:5   | Offered knowledge of Yara's Violent Unravelling by Vehumet.
 18470 | Lair:5   | Found a staircase to the Slime Pits.
 18602 | Lair:5   | Reached skill level 10 in Alchemy
 19061 | Lair:5   | Reached skill level 10 in Fighting
 19061 | Lair:5   | Reached skill level 10 in Short Blades
 19061 | Lair:5   | Reached skill level 10 in Long Blades
 19061 | Lair:5   | Reached skill level 10 in Axes
 19061 | Lair:5   | Reached skill level 10 in Maces & Flails
 19061 | Lair:5   | Reached skill level 10 in Polearms
 19061 | Lair:5   | Reached skill level 10 in Staves
 19061 | Lair:5   | Reached skill level 10 in Ranged Weapons
 19061 | Lair:5   | Reached skill level 10 in Throwing
 19061 | Lair:5   | Reached skill level 10 in Armour
 19061 | Lair:5   | Reached skill level 10 in Shields
 19061 | Lair:5   | Reached skill level 10 in Unarmed Combat
 19061 | Lair:5   | Reached skill level 10 in Evocations
 19204 | Lair:5   | Reached XP level 15. HP: 115/115 MP: 30/30
 19610 | Orc:1    | Entered Level 1 of the Orcish Mines
 19795 | Orc:2    | Entered Level 2 of the Orcish Mines
 19861 | Orc:2    | Reached ****** piety under Vehumet
 20243 | Orc:2    | Found Woagha's Magic Scroll Shoppe.
 20243 | Orc:2    | Found Uprittu's Magic Scroll Shop.
 20245 | Orc:2    | Found Liz Neots's Weapon Shoppe.
 20245 | Orc:2    | Found Puoghep's Antique Armour Shop.
 20365 | Orc:2    | Found a staircase to the Elven Halls.
 21002 | D:12     | Offered knowledge of Conjure Ball Lightning by Vehumet.
 21541 | D:13     | Noticed a sphinx
 21541 | D:13     | Noticed a storm dragon
 21550 | D:13     | Killed a sphinx
 21566 | D:13     | Killed a storm dragon
 22033 | D:13     | Reached skill level 10 in Shapeshifting
 22410 | D:13     | Reached XP level 16. HP: 68/124 MP: 29/32
 22639 | D:13     | Reached skill level 11 in Fighting
 22665 | D:13     | Identified the +5 dagger of the Wizarding Gods {vamp,
                  | ^Drain rF+ rC+ Will+}
 22693 | D:13     | Offered knowledge of Ozocubu's Refrigeration by Vehumet.
 23036 | D:14     | Found a gate to the Vaults.
 23790 | D:15     | Entered Level 15 of the Dungeon
 24542 | D:15     | Found a hide-covered altar of Uskayaw.
 24986 | D:15     | Found a staircase to the Depths.
 25205 | Snake:1  | Entered Level 1 of the Snake Pit
 25321 | Snake:1  | Found Efeasooc's Assorted Antiques.
 25325 | Snake:1  | Found Rareercho's Distillery.
 25325 | Snake:1  | Found Teuscheerch's General Store.
 25328 | Snake:1  | Found Qimiegru's Armour Boutique.
 25335 | Snake:1  | Bought a potion of curing for 48 gold pieces
 25775 | Snake:1  | Found a bloodstained altar of Trog.
 25800 | Snake:1  | Noticed Josephine
 25890 | Snake:1  | Killed Josephine
 26370 | Snake:1  | Reached skill level 10 in Conjurations
 26810 | Snake:2  | Offered knowledge of Orb of Destruction by Vehumet.
 27389 | Snake:3  | Reached XP level 17. HP: 133/133 MP: 28/33
 27645 | Snake:3  | Reached skill level 10 in Hexes
 27645 | Snake:3  | Reached skill level 10 in Summonings
 27645 | Snake:3  | Reached skill level 10 in Necromancy
 27645 | Snake:3  | Reached skill level 10 in Translocations
 27645 | Snake:3  | Reached skill level 10 in Fire Magic
 27645 | Snake:3  | Reached skill level 10 in Ice Magic
 27645 | Snake:3  | Reached skill level 10 in Air Magic
 27645 | Snake:3  | Reached skill level 10 in Earth Magic
 28746 | D:10     | Reached skill level 12 in Fighting
 29124 | Shoals:1 | Entered Level 1 of the Shoals
 29320 | Shoals:1 | Offered knowledge of Ignition by Vehumet.
 29482 | Shoals:1 | Identified the ring "Guvomm" {^Drain +Blink rC+ Dex+5 SInv}
 29493 | Shoals:1 | Upgraded the game from 0.31-a0-1317-gdfb52cbc09 to
                  | 0.31-a0-1336-g7fd7ca34b5
 30310 | Shoals:2 | Noticed a kraken
 30319 | Shoals:2 | Killed a kraken
 31116 | Shoals:2 | Found Howepn's Antique Armour Shoppe.
 31179 | Shoals:2 | Noticed a kraken
 31199 | Shoals:2 | Killed a kraken
 31334 | Shoals:2 | Bought a faintly glowing cloak for 313 gold pieces
 31334 | Shoals:2 | Identified the +2 cloak of Vyps {Dex+3} (You bought it in a
                  | shop on level 2 of the Shoals)
 31350 | Shoals:2 | Bought a crude troll leather armour for 660 gold pieces
 31350 | Shoals:2 | Identified the +0 troll leather armour of Urumocal {rElec
                  | rC++ Regen+ Str+2 Slay-5} (You bought it in a shop on level
                  | 2 of the Shoals)
 31363 | Shoals:2 | Bought a glowing helmet for 247 gold pieces
 31560 | Shoals:3 | Reached XP level 18. HP: 129/141 MP: 17/35
 31627 | Shoals:3 | Noticed Donald
 31643 | Shoals:3 | Killed Donald
 32180 | Shoals:3 | Offered knowledge of Fire Storm by Vehumet.
 32180 | Shoals:3 | Offered knowledge of Chain Lightning by Vehumet.
 32180 | Shoals:3 | Offered knowledge of Maxwell's Capacitive Coupling by
                  | Vehumet.
 32547 | Shoals:4 | Entered Level 4 of the Shoals
 32624 | Shoals:4 | Identified the +1 scale mail of Fae New Discoveries {rF+
                  | Int+2 Slay+2}
 32648 | Shoals:4 | Noticed Louise
 32649 | Shoals:4 | Noticed Ilsuiw
 32830 | Shoals:4 | Noticed Roxanne
 33306 | Snake:4  | Entered Level 4 of the Snake Pit
 33981 | Snake:4  | Reached skill level 13 in Fighting
 34917 | Snake:4  | Got a serpentine rune of Zot
 35577 | Depths:1 | Entered Level 1 of the Depths
 35577 | Depths:1 | Noticed a titan
 35729 | Elf:1    | Entered Level 1 of the Elven Halls
 35944 | Elf:1    | Reached XP level 19. HP: 144/149 MP: 27/37
 36286 | Elf:1    | Paralysed by an air elemental for 1 turns
 36746 | Elf:1    | Noticed Kirke
 36752 | Elf:1    | Killed Kirke
 36962 | Elf:1    | Got the Book of the Morgue
 37367 | Elf:2    | Paralysed by an air elemental for 1 turns
 37540 | Elf:2    | Found Epotri's Weapon Shop.
 37552 | Elf:2    | Learned a level 4 spell: Airstrike
 37627 | Elf:2    | Learned a level 5 spell: Borgnjor's Vile Clutch
 38098 | Elf:2    | Found a runed translucent gate.
 38099 | Elf:2    | Found a runed translucent gate.
 38099 | Elf:2    | Found a runed translucent gate.
 38920 | Elf:2    | Reached skill level 15 in Invocations
 38934 | Elf:2    | Identified the blade talisman "Susihege" {rCorr Str+5 Dex+3
                  | Stlth-}
 39076 | Elf:3    | Entered Level 3 of the Elven Halls
 40006 | Elf:3    | Reached XP level 20. HP: 137/158 MP: 25/38
 40363 | Elf:3    | Identified the +5 spear "Beastslayer" {vamp, rCorr}
 40549 | Elf:3    | Reached skill level 14 in Fighting
 40621 | Elf:3    | HP: 5/147 [deep elf master archer/arrow (26)]
 40826 | Elf:3    | Identified the +9 plate armour of Festooned Music {^Contam
                  | rElec Str+3}
 41123 | Elf:3    | Identified the +4 executioner's axe of Fuzeducs {flame,
                  | Int+3}
 41182 | Elf:3    | Identified the +9 mace "Maijir" {antimagic, Int+4}
 42096 | Elf:3    | Identified the +0 scale mail of Hairiness {rElec}
 42402 | Vaults:1 | Entered Level 1 of the Vaults
 42850 | Vaults:1 | Reached skill level 15 in Spellcasting
 43122 | Vaults:1 | Reached skill level 15 in Dodging
 43572 | Vaults:1 | Reached skill level 15 in Stealth
 44064 | Vaults:2 | Reached skill level 15 in Fighting
 44185 | Vaults:2 | Reached XP level 21. HP: 162/168 MP: 14/40
 45005 | Vaults:2 | Noticed a golden dragon
 45009 | Vaults:2 | Killed a golden dragon
 45604 | Vaults:3 | Reached skill level 15 in Short Blades
 45604 | Vaults:3 | Reached skill level 15 in Long Blades
 45604 | Vaults:3 | Reached skill level 15 in Axes
 45604 | Vaults:3 | Reached skill level 15 in Maces & Flails
 45604 | Vaults:3 | Reached skill level 15 in Polearms
 45604 | Vaults:3 | Reached skill level 15 in Staves
 45604 | Vaults:3 | Reached skill level 15 in Ranged Weapons
 45604 | Vaults:3 | Reached skill level 15 in Throwing
 45604 | Vaults:3 | Reached skill level 15 in Armour
 45604 | Vaults:3 | Reached skill level 15 in Shields
 45604 | Vaults:3 | Reached skill level 15 in Unarmed Combat
 45604 | Vaults:3 | Reached skill level 15 in Evocations
 45791 | Vaults:3 | Found a huge runed gate.
 45791 | Vaults:3 | Found a huge runed gate.
 45792 | Vaults:3 | Found a huge runed gate.
 45840 | Vaults:3 | Found a huge runed gate.
 45841 | Vaults:3 | Found a huge runed gate.
 45841 | Vaults:3 | Found a huge runed gate.
 45841 | Vaults:3 | Found a huge runed gate.
 45841 | Vaults:3 | Found a huge runed gate.
 45843 | Vaults:3 | Found a huge runed gate.
 45843 | Vaults:3 | Found a huge runed gate.
 45843 | Vaults:3 | Found a huge runed gate.
 45845 | Vaults:3 | Found a huge runed gate.
 45845 | Vaults:3 | Found a huge runed gate.
 45846 | Vaults:3 | Found a huge runed gate.
 45854 | Vaults:3 | Found a huge runed gate.
 45854 | Vaults:3 | Found a huge runed gate.
 45854 | Vaults:3 | Found a huge runed gate.
 45854 | Vaults:3 | Found a huge runed gate.
 45854 | Vaults:3 | Found a huge runed gate.
 45854 | Vaults:3 | Found a huge runed gate.
 45855 | Vaults:3 | Found a huge runed gate.
 45856 | Vaults:3 | Found a huge runed gate.
 45857 | Vaults:3 | Found a huge runed gate.
 45865 | Vaults:3 | Found a huge runed gate.
 45865 | Vaults:3 | Found a huge runed gate.
 45865 | Vaults:3 | Found a huge runed gate.
 45865 | Vaults:3 | Found a huge runed gate.
 45865 | Vaults:3 | Found a huge runed gate.
 45865 | Vaults:3 | Found a huge runed gate.
 45866 | Vaults:3 | Found a huge runed gate.
 45867 | Vaults:3 | Found a huge runed gate.
 45868 | Vaults:3 | Found a huge runed gate.
 46073 | Vaults:3 | Reached skill level 16 in Fighting
 46278 | Vaults:3 | Paralysed by a sphinx for 4 turns
 46389 | Vaults:3 | Paralysed by a formless jellyfish for 1 turns
 46671 | Vaults:3 | Found a huge runed gate.
 46671 | Vaults:3 | Found a huge runed gate.
 46671 | Vaults:3 | Found a huge runed gate.
 46671 | Vaults:3 | Found a huge runed gate.
 46867 | Vaults:3 | Found a staircase to the Crypt.
 46963 | Vaults:3 | Identified the +10 scimitar "Syget" {flame, rPois rF++ rC-}
 47216 | Vaults:4 | Found a flickering gateway to a bazaar.
 47231 | Vaults:4 | Identified 3 scrolls of acquirement
 47233 | Bazaar   | Entered a bazaar
 47247 | Bazaar   | Found Extun's General Store.
 47251 | Bazaar   | Found Rujen's Antique Weapon Shoppe.
 47263 | Bazaar   | Found Vuarost's Antique Armour Boutique.
 47268 | Bazaar   | Found Echigehu's Magic Scroll Boutique.
 47276 | Bazaar   | Bought a scroll of acquirement for 676 gold pieces
 47295 | Bazaar   | Bought Total Understanding of Sorcery for 432 gold pieces
 47295 | Bazaar   | Bought a potion of heal wounds for 45 gold pieces
 47311 | Bazaar   | Bought a scroll of revelation for 97 gold pieces
 47436 | Vaults:4 | Acquired the Almanac of the Vitriolic Glacier
 47438 | Vaults:4 | Acquired the +1 pair of boots of the Manifold Lovers {Dex+3
                  | SInv}
 47451 | Vaults:4 | Acquired a +1 pair of gloves of strength
 47464 | Vaults:4 | Acquired a book of Chaos
 47512 | Vaults:4 | Identified the +7 trident "Orb Guardian's Bane" {holy,
                  | rElec Int+2}
 47613 | Vaults:4 | Reached XP level 22. HP: 158/179 MP: 40/42
 47753 | Vaults:4 | Noticed Jory
 47794 | Vaults:4 | Killed Jory
 48065 | Vaults:4 | Paralysed by a sphinx for 3 turns
 48163 | Vaults:4 | Learned a level 7 spell: Haunt
 48761 | Vaults:4 | Upgraded the game from 0.31-a0-1336-g7fd7ca34b5 to
                  | 0.31-a0-1352-gc98d92de7d
 49210 | Shoals:4 | Killed Ilsuiw
 49297 | Shoals:4 | Reached skill level 17 in Fighting
 49603 | Shoals:4 | Killed Louise
 50085 | Shoals:4 | Got the Compendium of Kismet
 50092 | Shoals:4 | Learned a level 5 spell: Freezing Cloud
 50198 | Shoals:4 | Got a barnacled rune of Zot
 50737 | Orc:2    | Bought a scroll of amnesia for 52 gold pieces
 51029 | Shoals:4 | Killed Roxanne
 52096 | Depths:1 | Found a gateway to Hell.
 52234 | Depths:1 | Reached XP level 23. HP: 188/188 MP: 20/43
 52717 | Depths:1 | Found a runed translucent door.
 52722 | Depths:1 | Noticed Zyku Vof's ghost (veteran MfIE)
 53097 | Depths:2 | Found a transporter.
 53623 | Depths:2 | Found a one-way gate leading to the halls of Pandemonium.
 53850 | Depths:2 | Identified the +2 robe "Xast" {Harm Dex-5}
 53851 | Depths:2 | Found a one-way gate to the infinite horrors of the Abyss.
 53939 | Depths:2 | Noticed a juggernaut
 54816 | Depths:3 | Reached skill level 18 in Fighting
 55334 | Depths:3 | Reached skill level 15 in Shapeshifting
 55482 | Depths:3 | Identified the +3 plate armour of Aczap {rN++ Int+3}
 56461 | Depths:3 | Paralysed by a wendigo for 1 turns
 57449 | Depths:3 | Noticed a golden dragon
 57617 | Depths:4 | Entered Level 4 of the Depths
 57619 | Depths:4 | Noticed a golden dragon
 57953 | Depths:4 | Found a one-way gateway to a ziggurat.
 58447 | Depths:4 | Killed a golden dragon
 58653 | Depths:4 | Reached skill level 15 in Alchemy
 59714 | Depths:4 | Reached XP level 24. HP: 178/199 MP: 30/44
 60138 | Depths:4 | Found a gate to the Realm of Zot.
 60543 | Vaults:5 | Entered Level 5 of the Vaults
 60554 | Vaults:5 | Reached skill level 19 in Fighting
 60947 | Vaults:5 | Got Experienced Wizardry
 61627 | Vaults:5 | Identified the ring "Elakhlo" {rElec rCorr AC+4 Dex+3}
 61751 | Vaults:5 | Identified the amulet of the Cursing Gods {Acrobat rPois
                  | rF- Slay-6}
 62372 | Vaults:5 | Got a silver rune of Zot
 62441 | Vaults:5 | Identified the +2 plate armour of Lugonu's Fury {Stlth+}
 63473 | Vaults:5 | Identified the +6 orcbow "Rofeffoa" {drain, ^Fragile rC-
                  | rCorr Dex+7}
 63473 | Vaults:5 | Identified the +5 acid dragon scales "Siatwoapn" {rF+ Will+
                  | rCorr Str+2}
 63496 | Vaults:5 | Noticed a dread lich
 63502 | Vaults:5 | Reached XP level 25. HP: 76/210 MP: 3/44
 63839 | Vaults:5 | Killed a dread lich
 64189 | Vaults:5 | Identified the staff "Puiki" {rPois Will+ MP+9 Conj}
 64197 | Vaults:5 | Identified the +0 leather armour of the Onion {-Cast +Blink
                  | rElec}
 64739 | Zot:1    | Entered Level 1 of the Realm of Zot
 64992 | Zot:1    | Reached skill level 20 in Fighting
 65347 | Zot:1    | Reached skill level 15 in Conjurations
 65417 | Zot:1    | Slain by a reaper

Illustrated notes

Levels and vault maps discovered:
D:1:      minmay_arrival_arboretum_small, layout_basic,
          hellmonk_ecumenical_altar_prayer_group, minmay_misc_feat_encased
D:2:      layout_loops_ring, uniq_terence
D:3:      layout_loops_ring, chequers_temple_overflow_minitemple
D:4:      layout_basic, mainiacjoe_overflow_24_doors,
          chequers_serial_rivers_micro_c, hangedman_decor_lopped
D:5:      layout_rooms, led_xom_imps, kennysheep_mini, hangedman_ru_absence,
          minmay_temple_entry_offerings, chequers_ossuary_entry_cave,
          chequers_serial_rivers_marsh, kennysheep_path_1, serial_bayou_pond_c
D:6:      layout_loops_ring, grunt_gozag_statues, portal_sewer_entry_c
D:7:      layout_basic, nicolae_sextant, kennysheep_nub, uniq_prince_ribbit1
D:8:      layout_layer_cave, general_overflow_altar, serial_glass,
          glass_columns_a, glass_columns_a, glass_columns_a, glass_columns_b,
          glass_columns_a, glass_columns_a, glass_columns_b, glass_columns_b,
          glass_columns_b, glass_columns_b, glass_columns_c, glass_columns_b,
          glass_columns_a, glass_columns_a, minmay_strange_pillars,
          item_on_display_a, due_unseen_surprise, minmay_strange_pillars
D:9:      layout_big_octagon, grunt_temple_overflow_growth_and_decay,
          overflow_temple_1_default, st_stairs_14, nicolae_the_louvre
D:10:     layout_roguey, minmay_guarded_unrand_staff_of_olgreb
D:11:     layout_roguey, grunt_lair_entry_orc_guard_hut, david_orc_5,
          bloody_trog
D:12:     evilmike_horseshoe, layout_loops_cross, uniq_urug
D:13:     layout_rooms, fungi_pond_lemuel, nicolae_rejected_hall
D:14:     layout_roguey, erik_vaults_1
D:15:     grunt_enter_depths_hoard, layout_loops_ring,
          nicolae_uskayaw_dance_hall
Lair:1:   kb_forest_paths, layout_regular_city, minmay_stone_trees_small,
          nicolae_lair_liquid_snakes, uniq_maggie
Lair:2:   layout_layer_cave, shoals_dummy_entry, gammafunk_ghost_grave,
          basic_altar, worms_lemuel
Lair:3:   layout_gridlike, nicolae_snake_entry_squirm,
          grunt_forest_large_clearing_hut
Lair:4:   layout_roguey, gauntlet_entry_generic,
          gammafunk_ghost_berserking_beasts
Lair:5:   evilmike_catoblepas_cave, layout_cave_pods, slime_entry_1,
          portal_ice_cave_entry_pillars_1, lemuel_fruit_fields
Shoals:1: layout_shoals
Shoals:2: dreamdust_from_the_deep, layout_shoals, serial_shops, shop,
          nicolae_shoals_this_corrosion
Shoals:3: layout_shoals, uniq_donald
Shoals:4: shoals_end_simple, layout_shoals, shoals_ilsuiw_ice, uniq_roxanne,
          uniq_louise
Snake:1:  layout_onion, basic_altar, minmay_shoptagon, uniq_josephine
Snake:2:  layout_misc_corridors
Snake:3:  layout_grid_maze, grunt_ministairs_8, corexii_hall_statues_x,
          nicolae_integral_box
Snake:4:  snake_pit, layout_chambers, nicolae_snake_salamander_zone
Orc:1:    layout_caves
Orc:2:    grunt_orc_tribal_feast, layout_caves
Elf:1:    layout_loops_corners, minmay_elf_necromancy,
          nicolae_elf_big_sculpture_2, minivault_16, uniq_kirke
Elf:2:    nicolae_elf_blades_crystal_corner, layout_geoelf_diagonals,
          serial_shops, nicolae_shop_pleasant_corner_grove,
          hangedman_elf_targeted_burst, guppyfry_elf_garden
Elf:3:    elf_hall_gauntlet_narrow, layout_geoelf_castle
Vaults:1: vaults_room_door_ring, minmay_orc_keep, nicolae_vaults_circle_grid_a,
          nicolae_vaults_storage_room_water, hangedman_vaults_restitches,
          nicolae_vaults_ring_of_whatevers, v_misc_28, nicolae_vaults_two_Ls,
          v_rooms_2, layout_vaults_omnibox
Vaults:2: nicolae_vaults_specimen_jars, v_alt_pattern_5, v_misc_11,
          vaults_room_fours, nicolae_vaults_offset_grid_hallway_3,
          nicolae_vaults_oval_intersection, vaults_standard_mumra_lines,
          vaults_dpeg_encased_lava, nicolae_vaults_network_quinsquares
          [nicolae_vaults_network_quincunx_subvault,
          nicolae_vaults_network_quincunx_subvault,
          nicolae_vaults_network_quincunx_subvault,
          nicolae_vaults_network_quincunx_subvault],
          nicolae_vaults_closet_pinwheel_4, nicolae_vaults_tetromino_T_2,
          nicolae_vaults_tetromino_L_1, nicolae_vaults_house_1, v_misc_22,
          layout_vaults_ring, uniq_margery
Vaults:3: minmay_crypt_entry_simple_box, nicolae_vaults_weapon_check,
          nicolae_vaults_shelves_hall, v_alt_pattern_6, door_vault, v_misc_23,
          vaults_room_grunt_arrival_ludios, nicolae_vaults_double_plus_2,
          grunt_vaults_funnel, nicolae_vaults_closet_pinwheel_4,
          nicolae_vaults_tetromino_L_1, nicolae_vaults_trapezoid_2,
          layout_vaults_omnicross
Vaults:4: hangedman_vaults_stagger, nicolae_vaults_closet_pinwheel_3,
          vaults_standard_mumra_enter_the_diamond, vaults_standard_mumra_x,
          nicolae_vaults_surprise_closet, vaults_room_fours,
          nicolae_vaults_tetromino_T_1, nicolae_vaults_little_squares_3,
          nicolae_vaults_trapezoid_lopsided_4, vaults_room_fancy_cross,
          nicolae_vaults_apartment_1, grunt_vaults_hallway_short,
          layout_vaults_omnigrid, serial_shops, bzr_entry_road, uniq_jory
Vaults:5: serial_shops
Depths:1: layout_basic, ebering_ghost_reflecting_pool,
          chequers_decorated_corner, lightli_too_deep, evilmike_ambush
          [evilmike_ambush_outer_basic, evilmike_ambush_inner_basic],
          grunt_megastairs_1
Depths:2: emtedronai_trogs_sanctum, layout_basic, pan_entry, kennysheep_doodads,
          hell_entry, abyss_entry, infiniplex_staircase_split_hallway
Depths:3: dreamdust_isle_of_ice, layout_cave_pools, hangedman_tar_grid_catacomb,
          nicolae_abyss_entry_one_way_or_another, minmay_staircase_bubble
Depths:4: evilmike_zot_entry_gauntlet, layout_cave_pools, enter_ziggurat_f,
          hellmouth_1, kennysheep_crisscross
Zot:1:    layout_misc_corridors, grunt_megastairs_5, uniq_tiamat, uniq_grunn

Skill      XL: |  1  2  3  4  5  6  7  8  9 10 11 12 13 14 15 16 17 18 19 20 21 22 23 24 25 |
---------------+----------------------------------------------------------------------------+-----
Conjurations   | 2 3 4 5 6 7 8 9 10 11 12 13 14 15 | 15.0
Spellcasting   | 5 6 7 8 9 10 11 12 13 14 15 16 17 18 | 18.0
Invocations    | 1 2 3 4 5 6 7 8 9 10 11 12 13 14 15 16 17 18 | 18.8
Fighting       | 1 2 3 5 6 7 8 9 10 11 12 13 15 16 17 18 19 20 | 20.0
Short Blades   | 1 2 3 5 6 7 8 9 10 11 12 13 14 15 16 17 | 17.4
Long Blades    | 1 2 3 5 6 7 8 9 10 11 12 13 14 15 16 17 | 17.4
Axes           | 1 2 3 5 6 7 8 9 10 11 12 13 14 15 16 17 | 17.4
Maces & Flails | 1 2 3 5 6 7 8 9 10 11 12 13 14 15 16 17 | 17.4
Polearms       | 1 2 3 5 6 7 8 9 10 11 12 13 14 15 16 17 | 17.4
Staves         | 1 2 3 5 6 7 8 9 10 11 12 13 14 15 16 17 | 17.4
Ranged Weapons | 1 2 3 5 6 7 8 9 10 11 12 13 14 15 16 17 | 17.4
Throwing       | 1 2 3 5 6 7 8 9 10 11 12 13 14 15 16 17 | 17.4
Armour         | 1 2 3 5 6 7 8 9 10 11 12 13 14 15 16 17 | 17.4
Shields        | 1 2 3 5 6 7 8 9 10 11 12 13 14 15 16 17 | 17.4
Unarmed Combat | 1 2 3 5 6 7 8 9 10 11 12 13 14 15 16 17 | 17.4
Evocations     | 1 2 3 5 6 7 8 9 10 11 12 13 14 15 16 17 | 17.4
Shapeshifting  | 1 2 3 4 5 6 7 8 9 10 11 12 13 14 15 16 | 16.0
Hexes          | 1 2 3 4 5 6 7 8 9 10 11 12 13 14 | 14.8
Summonings     | 1 2 3 4 5 6 7 8 9 10 11 12 13 14 | 14.8
Necromancy     | 1 2 3 4 5 6 7 8 9 10 11 12 13 14 | 14.8
Translocations | 1 2 3 4 5 6 7 8 9 10 11 12 13 14 | 14.8
Fire Magic     | 1 2 3 4 5 6 7 8 9 10 11 12 13 14 | 14.8
Ice Magic      | 1 2 3 4 5 6 7 8 9 10 11 12 13 14 | 14.8
Air Magic      | 1 2 3 4 5 6 7 8 9 10 11 12 13 14 | 14.8
Earth Magic    | 1 2 3 4 5 6 7 8 9 10 11 12 13 14 | 14.8
Dodging        | 5 6 7 8 9 10 11 12 13 14 15 16 17 | 17.9
Stealth        | 5 6 7 8 9 10 11 12 13 14 15 16 17 | 17.8
Alchemy        | 6 7 8 9 10 11 12 13 14 15 | 15.7

Action                     |  1- 3 |  4- 6 |  7- 9 | 10-12 | 13-15 | 16-18 | 19-21 | 22-24 | 25-27 || total
---------------------------+-------+-------+-------+-------+-------+-------+-------+-------+-------++-------
  Melee: Short sword       |     5 |     3 |   111 |   176 |   325 |       |       |       |       ||   620
         Bite              |       |       |    10 |    29 |   171 |   158 |   114 |   134 |    11 ||   627
         Punch             |       |       |     4 |       |       |       |       |       |       ||     4
         Quick blade       |       |       |       |       |   583 |    68 |       |       |       ||   651
         Dagger            |       |       |       |       |       |   757 |   441 |   466 |    49 ||  1713
   Cast: Sting             |    58 |   102 |   163 |    48 |    91 |    38 |     1 |       |       ||   501
         Mercury Vapours   |     2 |     5 |    20 |    28 |    62 |    96 |    32 |     6 |     3 ||   254
         Olgreb's Toxic Ra |       |     2 |    20 |    89 |   207 |   129 |   108 |    66 |       ||   621
         Call Canine Famil |       |       |     5 |     4 |    15 |    37 |    14 |     1 |       ||    76
         Sticky Flame      |       |       |     4 |    34 |    72 |   127 |    66 |    68 |     4 ||   375
         Mephitic Cloud    |       |       |       |     9 |     9 |    18 |     1 |     2 |       ||    39
         Frozen Ramparts   |       |       |       |       |    34 |   100 |    36 |    25 |       ||   195
         Iskenderun's Myst |       |       |       |       |    50 |    62 |    48 |    18 |       ||   178
         Arcjolt           |       |       |       |       |     8 |   136 |   163 |   117 |     3 ||   427
         Airstrike         |       |       |       |       |       |       |   197 |   247 |    10 ||   454
         Borgnjor's Vile C |       |       |       |       |       |       |    96 |   115 |    16 ||   227
         Haunt             |       |       |       |       |       |       |       |    57 |    15 ||    72
         Freezing Cloud    |       |       |       |       |       |       |       |    44 |     7 ||    51
Ability: Evoke Blink       |       |       |       |       |       |       |       |     1 |     1 ||     2
  Evoke: Wand              |       |       |       |       |     8 |       |     5 |    15 |     1 ||    29
         Lightning rod     |       |       |       |       |       |       |       |    13 |       ||    13
         Phantom mirror    |       |       |       |       |       |       |       |     1 |       ||     1
    Use: Potion            |       |       |     5 |     2 |       |       |     1 |     7 |     1 ||    16
         Scroll            |       |       |       |    10 |     4 |     8 |    12 |     3 |     1 ||    38
   Stab: Sleeping          |       |       |     6 |     1 |     5 |    29 |    33 |    11 |       ||    85
         Confused          |       |       |       |     1 |     7 |     8 |       |       |       ||    16
         Distracted        |       |       |       |       |     3 |     3 |     5 |     7 |     6 ||    24
 Armour: Robe              |     9 |    14 |    38 |       |       |       |       |       |       ||    61
         Leather armour    |       |       |    63 |     6 |       |       |       |       |       ||    69
         Acid dragon scale |       |       |       |    60 |       |       |       |       |       ||    60
         Troll leather arm |       |       |       |    99 |   468 |   591 |   382 |   436 |    81 ||  2057
  Dodge: Dodged            |    21 |    22 |   153 |   107 |   445 |   531 |   367 |   542 |    61 ||  2249
  Block: Buckler           |       |       |    23 |    73 |   208 |   150 |       |       |       ||   454
         Kite shield       |       |       |       |       |       |   332 |   364 |   519 |    49 ||  1264

Table legend: (Time is in decaauts)
 A = Elapsed time spent in this place.
 B = Non-inter-level travel time spent in this place.
 C = Inter-level travel time spent in this place.
 D = Time resting spent in this place.
 E = Time spent auto-exploring this place.
 F = Levels seen in this place.
 G = Mean time per level.
                   A        B        C        D        E       F      G
               +--------+--------+--------+--------+--------+-----+--------+
         Total |  64898 |  59182 |   5716 |   5600 |  41465 |  47 | 1380.8 |
       Dungeon |  18587 |  16383 |   2204 |    502 |  13190 |  15 | 1239.1 |
          Lair |   6877 |   5860 |   1017 |    149 |   4452 |   5 | 1375.4 |
        Shoals |   5652 |   4994 |    658 |    627 |   3109 |   4 | 1413.0 |
     Snake Pit |   5349 |   5104 |    245 |    456 |   3295 |   4 | 1337.2 |
  Orcish Mines |   1352 |   1080 |    272 |      0 |    802 |   2 |  676.0 |
   Elven Halls |   6634 |   6259 |    375 |   1240 |   3728 |   3 | 2211.3 |
        Vaults |  10222 |   9620 |    602 |    933 |   6477 |   5 | 2044.4 |
        Depths |   9156 |   8816 |    340 |   1692 |   5840 |   4 | 2289.0 |
           Zot |    335 |    335 |      0 |      0 |    206 |   1 |  335.0 |
        Bazaar |    101 |    101 |      0 |      0 |     39 |   1 |  101.0 |
         Sewer |    240 |    240 |      0 |      0 |    162 |   1 |  240.0 |
       Ossuary |    215 |    215 |      0 |      0 |    123 |   1 |  215.0 |
      Ice Cave |    172 |    172 |      0 |      0 |     38 |   1 |  172.0 |
               +--------+--------+--------+--------+--------+-----+--------+

Top non-repeatable levels by time:
Depths:3: 3978 daAuts
Vaults:5: 3766 daAuts
   Elf:3: 3165 daAuts
Depths:4: 2191 daAuts
 Snake:4: 1938 daAuts
     D:7: 1855 daAuts
  Lair:2: 1802 daAuts
Vaults:3: 1800 daAuts
   Elf:2: 1742 daAuts
   Elf:1: 1727 daAuts
Vaults:2: 1683 daAuts
    D:12: 1623 daAuts
    D:13: 1597 daAuts
Vaults:4: 1580 daAuts
Shoals:3: 1564 daAuts
